 Dungeon Crawl Stone Soup version 0.29.0-5-ge4962eb29e (webtiles) character file.

Game seed: 6489807924796957602

20789 sanka the Brawler (level 12, -18/118 HPs)
             Began as a Troll Monk on Aug 29, 2022.
             Was the Champion of Okawaru.
             Demolished by Frances
             ... wielding a +3 trident of venom
              (39 damage)
             ... on level 12 of the Dungeon.
             The game lasted 00:20:33 (12295 turns).

sanka the Brawler (Troll Monk)                     Turns: 12295, Time: 00:20:34

Health: -18/118    AC: 10    Str: 30    XL:     12   Next: 48%
Magic:  17/17      EV: 13    Int:  3    God:    Okawaru [******]
Gold:   908        SH:  0    Dex: 15    Spells: 11/11 levels left

rFire   . . .      SeeInvis .     - Unarmed
rCold   + + .      Faith    .   (no shield)
rNeg    + . .      Spirit   .   a - +0 robe
rPois   +          Reflect  .   x - +4 hat of the Slightly Bent {rElec rC+}
rElec   +          Harm     .   c - +1 cloak of Zageck {rPois Str+4 Dex+3}
rCorr   .          Rampage  .   (gloves unavailable)
Will    ++...      Rage     50% (boots unavailable)
Stlth   ++........              H - necklace of Bloodlust {*Rage Will++ Int-3 Slay+6}
HPRegen 1.09/turn               z - ring of positive energy
MPRegen 0.15/turn               v - ring of protection from cold

@: about to teleport, spiked, on berserk cooldown
A: large, unfitting armour, claws 3, regeneration 1, shaggy fur 1, tough skin 1
a: Renounce Religion, Heroism, Finesse, Duel


You were on level 12 of the Dungeon.
You worshipped Okawaru.
Okawaru was exalted by your worship.
You visited 1 branch of the dungeon, and saw 12 of its levels.
You also visited: Bailey.

You collected 908 gold pieces.


Innate Abilities, Weirdness & Mutations

You are too large for most types of armour.
You have claws for hands.
Your natural rate of healing is unusually fast.
You are covered in fur. (AC +1)
You have tough skin. (AC +1)


   Skills:
 + Level 7.5 Fighting
 + Level 7.6 Dodging
 - Level 1.0 Stealth
 * Level 15.1 Unarmed Combat
 - Level 8.0 Invocations


You had 11 spell levels left.
You didn't know any spells.
Your spell library contained the following spells:

 Spells                   Type           Power      Damage    Failure   Level
 Foxfire                  Conj/Fire      0%         2x1d4     52%         1
 Magic Dart               Conj           0%         1d3       52%         1
 Searing Ray              Conj           0%         2d4       67%         2
 Sublimation of Blood     Necr           0%         N/A       67%         2
 Wereblood                Tmut           0%         N/A       67%         2
 Conjure Flame            Conj/Fire      0%         6-21      88%         3
 Inner Flame              Hex/Fire       0%         N/A       88%         3
 Portal Projectile        Hex/Tloc       0%         N/A       88%         3
 Cause Fear               Hex            0%         N/A       99%         4
 Flame Wave               Conj/Fire      0%         2d4       99%         4
 Fulminant Prism          Conj/Hex       0%         3d6       99%         4
 Leda's Liquefaction      Hex/Erth       0%         N/A       99%         4
 Discord                  Hex            0%         N/A       100%        8
 Call Canine Familiar     Summ           Unusable   N/A       N/A         3
 Summon Hydra             Summ           Unusable   N/A       N/A         7

Inventory:

Hand Weapons
 b - a +5 morningstar of freezing
 B - the +5 dagger of Deqev {vorpal, *Slow Str-3 Int+10 Stlth+}

   It inflicts extra damage upon your enemies.
   Str:       It affects your strength (-3).
   Int:       It affects your intelligence (+10).
   *Slow:     It may slow you when you take damage.
   Stlth:     It makes you more stealthy.
 L - a +3 hand axe of freezing
Missiles
 h - 3 silver javelins (quivered)
 E - 19 large rocks {=f}
 F - 3 curare-tipped darts {=f}
 P - 4 javelins
 Q - a throwing net {=f}
Armour
 a - a +0 robe (worn)
 c - the +1 cloak of Zageck (worn) {rPois Str+4 Dex+3}

   Str:       It affects your strength (+4).
   Dex:       It affects your dexterity (+3).
   rPois:     It protects you from poison.
 i - a +2 hat of see invisible
 r - a +0 cloak
 x - the +4 hat of the Slightly Bent (worn) {rElec rC+} rC: It protects you from cold. rElec: It insulates you from electricity.
Magical Staves
 k - a staff of earth
 A - a staff of cold
Jewellery
 t - an amulet of reflection
 v - a ring of protection from cold (right claw)
 z - a ring of positive energy (left claw)
 H - the necklace of Bloodlust (around neck) {*Rage Will++ Int-3 Slay+6}

   [amulet of nothing]

   It extends the wearer's berserk rage when killing foes.
   Int:       It affects your intelligence (-3).
   Slay:      It affects your accuracy & damage with ranged weapons and melee
   (+6).
   *Rage:     It berserks you when you make melee attacks (+50% chance).
   Will:      It greatly increases your willpower.
Wands
 N - a wand of paralysis (4)
 U - a wand of mindburst (6)
Scrolls
 d - 6 scrolls of fear
 e - 5 scrolls of teleportation {@r4}
 g - 4 scrolls of immolation {!r}
 j - 3 scrolls of poison {!r}
 m - a scroll of torment {!r}
 n - 2 scrolls of blinking
 q - 3 scrolls of silence {!r}
 G - 3 scrolls of enchant armour
 J - 2 scrolls of enchant weapon
 K - 2 scrolls of noise {unknown}
 O - a scroll of acquirement
 S - a scroll of amnesia {unknown}
 V - a scroll of identify {@r1}
Potions
 f - 7 potions of might
 l - 2 potions of berserk rage {unknown}
 o - 7 potions of brilliance {unknown}
 p - 3 potions of heal wounds {unknown}
 s - 3 potions of cancellation {unknown}
 u - 3 potions of curing {unknown}
 w - 2 potions of degeneration {unknown}
 y - 3 potions of ambrosia
 C - 3 potions of invisibility {unknown}
 D - 2 potions of attraction {unknown}
 I - 2 potions of resistance {unknown}
 M - a potion of lignification {unknown}
 R - 4 potions of flight {unknown}
 T - 2 potions of haste {unknown}

Dungeon Overview and Level Annotations

Branches:
Dungeon (12/15)            Temple (0/1) D:7            Lair (0/5) D:10
    Orc (0/2) D:10         Bailey (visited)

Altars:
Dithmenos
Gozag
Kikubaaqudgha
Okawaru
Qazlal
Trog
Wu Jian
Xom
Yredelemnul
The Shining One

Shops:
D:6 *

Annotations:
D:10 exclusion: 2 downstairs
D:12 Frances

▒.▒▒▒▒....................▒▒▒
▒.........................▒ ▒
▒.........................▒ ▒
▒.........................▒▒▒
▒............................
▒......▒▒▒▒▒▒▒▒▒▒▒▒▒▒▒▒▒▒....
▒......▒...▒#......▒ ▒....
▒......▒..4@#......▒ ▒....
▒...▒..▒...▒T......▒ ▒.▒▒▒
▒...▒..▒...▒.......▒ ▒....
▒...▒..▒...▒.......▒ ▒..))
▒...▒..▒...▒.....†.▒ ▒...)
▒...▒..▒...▒.......▒ ▒....
▒......▒▒▒.▒▒▒'▒▒▒▒▒▒▒▒ ▒....
▒........▒.▒ ▒........▒ ▒▒▒▒.
▒..▒.....▒.. ▒...▒▒▒▒.▒ ▒.
▒..▒.....▒.. ▒...▒ ▒.▒ ▒.


You could see Frances (fast, strong) and a red devil (summoned).


Message History

The red devil hits you from afar with a +0 trident.
* * * LOW HITPOINT WARNING * * *
Barbed spikes become lodged in your body.
Unknown command.
The barbs in your skin will harm you if you move.
Continue? [Y]es or [N]o only, please.
The barbs in your skin will harm you if you move.
Continue?
Okay, then.
You mangle the hellwing!!
The hellwing is heavily wounded.
The hellwing closely misses you. The hellwing hits you!
* * * LOW HITPOINT WARNING * * *
You closely miss the hellwing. You claw the hellwing!!
You kill the hellwing!
The red devil hits you from afar with a +0 trident.
* * * LOW HITPOINT WARNING * * *
Barbed spikes become lodged in your body.
You mangle Frances!!
Frances is moderately wounded.
Frances closely misses you.
The red devil hits you from afar with a +0 trident!
* * * LOW HITPOINT WARNING * * *
Barbed spikes become lodged in your body.
You closely miss Frances. You claw Frances.
Frances is moderately wounded.
Frances hits you with a +3 trident of venom!!!
You die...

Action                   |  1- 3 |  4- 6 |  7- 9 | 10-12 || total
-------------------------+-------+-------+-------+-------++-------
Melee: Unarmed           |   104 |    97 |   281 |   351 ||   833
       Punch             |     2 |     2 |    17 |    32 ||    53
Invok: Heroism           |       |       |     2 |     3 ||     5
Evoke: Wand              |       |       |       |     1 ||     1
  Use: Scroll            |       |       |       |    16 ||    16
 Stab: Sleeping          |     3 |     2 |     1 |     1 ||     7
       Distracted        |       |       |       |     1 ||     1
Armor: Robe              |    12 |    33 |    47 |    57 ||   149
Dodge: Dodged            |    32 |    39 |    93 |   164 ||   328
Block: Other             |       |       |    41 |       ||    41
       Reflection        |       |       |     2 |       ||     2

Levels and vault maps discovered:
D:1:      minmay_arrival_shoal_huts, layout_basic,
          dreamdust_ecumenical_altar_sealed_demon
D:2:      layout_loops_ring
D:3:      layout_loops_ring, lemuel_round_altar, grunt_ministairs_6,
          uniq_crazy_yiuf_cottage, uniq_sigmund
D:4:      layout_loops_ring, nzn_random_ring, uniq_robin, uniq_natasha
D:5:      layout_cave_pools, grunt_temple_overflow_diamond,
          mainiacjoe_overflow_cross_hatched
D:6:      layout_rooms, serial_shops, nicolae_shop_overgrown_old_shop
D:7:      layout_loops_corners, nicolae_overflow_crystal_walls,
          nicolae_dithmenos_through_a_glass_darkly,
          minmay_temple_entry_mini_moons, st_stairs_11,
          hellmonk_guarded_unrand_vitality_bloodlust
D:8:      layout_layer_cave, kennysheep_donut, minmay_misc_feat_enclosed
D:9:      layout_irregular_city, nicolae_overflow_squiral, enter_bailey_3
D:10:     layout_long_grid, minmay_lair_entry_grove, hiddenorc1_lemuel,
          serial_bayou_crossing
D:11:     layout_long_grid, nicolae_qazlal_eye_of_the_storm, uniq_nergalle,
          uniq_psyche
D:12:     layout_stronghold, trog_butcher_becter, uniq_frances

Notes
Turn   | Place    | Note
-------+----------+-------------------------------------------
     0 | D:1      | sanka the Troll Monk began the quest for the Orb.
     0 | D:1      | Reached XP level 1. HP: 22/22 MP: 0/0
   384 | D:1      | Reached XP level 2. HP: 16/29 MP: 1/1
   589 | D:1      | Found a faded altar of an unknown god.
   809 | D:2      | Reached skill level 4 in Unarmed Combat
   892 | D:2      | Reached XP level 3. HP: 36/36 MP: 2/2
  1402 | D:3      | Noticed Sigmund
  1415 | D:3      | Killed Sigmund
  1416 | D:3      | Reached skill level 6 in Unarmed Combat
  1416 | D:3      | Reached XP level 4. HP: 29/44 MP: 3/3
  1416 | D:3      | Reached XP level 5. HP: 33/50 MP: 4/4
  1464 | D:3      | Reached XP level 6. HP: 46/59 MP: 5/5
  1521 | D:3      | Reached skill level 7 in Unarmed Combat
  1679 | D:3      | Found an iron altar of Okawaru.
  1699 | D:3      | Became a worshipper of Warmaster Okawaru
  1699 | D:3      | Reached * piety under Okawaru
  1699 | D:3      | Reached ** piety under Okawaru
  1965 | D:3      | Found a runed translucent door.
  1966 | D:3      | Noticed Crazy Yiuf
  2262 | D:3      | Killed Crazy Yiuf
  2319 | D:4      | Reached skill level 1 in Invocations
  2466 | D:4      | Reached skill level 2 in Invocations
  2466 | D:4      | Reached XP level 7. HP: 65/66 MP: 7/7
  2724 | D:4      | Reached skill level 8 in Unarmed Combat
  2724 | D:4      | Reached skill level 3 in Invocations
  3216 | D:4      | Noticed Natasha
  3218 | D:4      | Killed Natasha
  3242 | D:4      | Noticed Robin
  3246 | D:4      | Killed Robin
  3509 | D:5      | Entered Level 5 of the Dungeon
  3594 | D:5      | Reached *** piety under Okawaru
  3595 | D:5      | Reached skill level 4 in Invocations
  3671 | D:5      | Reached XP level 8. HP: 62/74 MP: 10/10
  3785 | D:5      | Found an ancient bone altar of Kikubaaqudgha.
  3810 | D:5      | Reached skill level 9 in Unarmed Combat
  3983 | D:5      | Found a glowing golden altar of the Shining One.
  3986 | D:5      | Found a shimmering altar of Xom.
  3988 | D:5      | Found an ornate altar of the Wu Jian Council.
  4078 | D:6      | Reached skill level 10 in Unarmed Combat
  4095 | D:6      | Reached skill level 3 in Fighting
  4095 | D:6      | Reached skill level 3 in Dodging
  4197 | D:6      | Identified the +5 dagger of Deqev {vorpal, *Slow Str-3
                  | Int+10 Stlth+}
  4302 | D:6      | Reached **** piety under Okawaru
  4477 | D:6      | Found Loskof's Assorted Antiques.
  4648 | D:7      | Found a shadowy altar of Dithmenos.
  4821 | D:7      | Found a basalt altar of Yredelemnul.
  4836 | D:7      | Reached XP level 9. HP: 70/83 MP: 11/11
  4983 | D:7      | Found a staircase to the Ecumenical Temple.
  5060 | D:7      | Reached skill level 4 in Fighting
  5060 | D:7      | Reached skill level 4 in Dodging
  5060 | D:7      | Reached skill level 11 in Unarmed Combat
  5067 | D:7      | Reached skill level 5 in Invocations
  5474 | D:7      | Noticed a deep troll
  5481 | D:7      | Killed a deep troll
  5503 | D:7      | Found the necklace of Bloodlust {*Rage Will++ Int-3 Slay+6}
  5725 | D:8      | Reached XP level 10. HP: 94/94 MP: 13/13
  7022 | D:9      | Found a flagged portal.
  7033 | D:9      | Identified a scroll of acquirement
  7039 | D:9      | Acquired the +1 cloak of Zageck {rPois Str+4 Dex+3}
  7052 | Bailey   | Entered a bailey
  7112 | Bailey   | Noticed an orc knight
  7132 | Bailey   | Killed an orc knight
  7132 | Bailey   | Reached ***** piety under Okawaru
  7133 | Bailey   | Reached skill level 12 in Unarmed Combat
  7256 | Bailey   | Reached skill level 5 in Fighting
  7256 | Bailey   | Reached skill level 5 in Dodging
  7314 | Bailey   | Noticed an orc knight
  7328 | Bailey   | Killed an orc knight
  7329 | Bailey   | Reached skill level 6 in Invocations
  7389 | Bailey   | Noticed an orc knight
  7391 | Bailey   | Noticed an orc knight
  7395 | Bailey   | Killed an orc knight
  7402 | Bailey   | Killed an orc knight
  7402 | Bailey   | Received a gift from Okawaru
  7478 | Bailey   | Noticed an orc sorcerer
  7483 | Bailey   | Killed an orc sorcerer
  7592 | Bailey   | Acquired the +4 hat of the Slightly Bent {rElec rC+}
  7776 | Bailey   | Found an iron altar of Okawaru.
  7790 | Bailey   | Reached XP level 11. HP: 105/105 MP: 13/15
  7856 | Bailey   | Identified the +0 helmet of Doduv {rElec rPois Will++
                  | Int+2}
  8279 | D:9      | Found an opulent altar of Gozag.
  8282 | D:9      | Found a stormy altar of Qazlal.
  8599 | D:10     | Entered Level 10 of the Dungeon
  8688 | D:10     | Reached skill level 13 in Unarmed Combat
  8768 | D:10     | Noticed a two-headed ogre
  8775 | D:10     | Killed a two-headed ogre
  8776 | D:10     | Reached skill level 6 in Fighting
  8776 | D:10     | Reached skill level 6 in Dodging
  8827 | D:10     | Found a staircase to the Lair.
  8837 | D:10     | Reached skill level 7 in Invocations
  9120 | D:10     | Found a staircase to the Orcish Mines.
  9661 | D:10     | Found a staircase to the Lair.
  9863 | D:10     | Found a staircase to the Orcish Mines.
 10468 | D:11     | Noticed Nergalle
 10498 | D:11     | Killed Nergalle
 10632 | D:11     | Reached skill level 14 in Unarmed Combat
 10726 | D:11     | Found a stormy altar of Qazlal.
 10829 | D:11     | Noticed Psyche
 10841 | D:11     | Killed Psyche
 10842 | D:11     | Reached XP level 12. HP: 115/115 MP: 16/16
 10919 | D:11     | Received a gift from Okawaru
 10920 | D:11     | Reached skill level 7 in Dodging
 11200 | D:12     | Reached skill level 7 in Fighting
 11200 | D:12     | Reached skill level 8 in Invocations
 11402 | D:12     | Found a bloodstained altar of Trog.
 11829 | D:12     | Identified the +4 war axe of the Invisible Friends {freeze,
                  | Str+6 Int-4 Dex+3} (Okawaru gifted it to you on level 12 of
                  | the Dungeon)
 11829 | D:12     | Received a gift from Okawaru
 12066 | D:12     | Reached skill level 15 in Unarmed Combat
 12257 | D:12     | Reached ****** piety under Okawaru
 12281 | D:12     | Noticed Frances
 12295 | D:12     | Demolished by Frances

Vanquished Creatures
  A two-headed ogre (D:10)
  Nergalle (D:11)
  A deep troll (D:7)
  4 orc knights (Bailey)
  An orc sorcerer (Bailey)
  A manticore (D:11)
  3 cyclopes (D:12)
  A gargoyle (D:12)
  Psyche (D:11)
  3 kobold demonologists
  2 trolls
  19 slime creatures
  Sigmund (D:3)
  2 basilisks
  A wraith (D:12)
  3 wyverns
  19 yaks
  A steam dragon (D:8)
  4 vampire mosquitoes (D:12)
  4 water moccasins
  2 acid dragons (D:10)
  2 ice beasts
  12 orc warriors
  A black bear (D:7)
  3 ogres
  2 sky beasts
  6 centaurs
  A phantom (D:5)
  4 kobold brigands
  5 bullfrogs
  A scorpion (D:12)
  4 wights
  5 electric eels
  12 howler monkeys
  5 orc priests
  A jelly (D:6)
  Crazy Yiuf (D:3)
  2 gnoll boudas
  6 hounds
  5 iguanas
  6 orc wizards
  Natasha (D:4)
  Robin (D:4)
  16 gnolls
  6 adders
  A white imp (D:7)
  2 ufetubi
  2 worms
  7 dart slugs
  48 orcs
  6 endoplasms
  4 giant cockroaches
  22 goblins
  22 hobgoblins
  19 kobolds
  8 quokkas
  7 ball pythons
  5 bats
  3 frilled lizards
  A rat (D:1)
340 creatures vanquished.

Vanquished Creatures (others)
  2 fungi (D:10)
  14 plants (D:10)
16 creatures vanquished.

Grand Total: 356 creatures vanquished
